gamborger, chaotic male elven Wizard ----- --- --...| ----|.| --....-----|..||.| |<....*....|..-|.| |.|..|..--.--.+|.| |.|-.|---|.)...(.- |.|-.| ----...|... |.| .| |.|....|..... |.| .| -...|.|.---- |. .| ----|.|.| |. ..| |.|.| |. ..| |.|.--- |.|..| |. ...| |.|--- ---...| -.| --...| .| ---....-- .| .- |f.........| . --d......---- -.- |.d.|..--- --- -------- gamborger the Thaumaturge Experience level: 8 Strength: 15 Dexterity: 10 Constitution: 16 Intelligence: 19 Wisdom: 14 Charisma: 10 Health: 0(65) Energy: 73(97) Def: 9 Gold: 3411 Moves: 6275 Dungeon seed: _bja-od2MSu2IDOJ Game ID: gamborger_1478250165 Your Inventory: Coins $ - 3411 gold pieces Weapons a - a blessed +1 quarterstaff (weapon in hands) o - 6 rusty +1 darts (in quiver) B - a +0 elven dagger (alternate weapon; not wielded) Armor e - an uncursed +0 cloak of magic resistance (being worn) r - an uncursed +0 pair of leather gloves (being worn) y - an uncursed +1 studded leather armor (being worn) N - an uncursed +0 helmet (being worn) Y - a blessed +0 pair of iron shoes (being worn) Comestibles v - 2 cursed tripe rations R - 6 cursed food rations Scrolls i - an uncursed scroll of blank paper j - an uncursed scroll of blank paper p - 4 cursed scrolls of blank paper t - 2 uncursed scrolls of blank paper x - a cursed scroll of confuse monster D - a cursed scroll of identify G - an uncursed scroll of blank paper P - a cursed scroll of blank paper U - a cursed scroll of amnesia Spellbooks l - an uncursed spellbook of detect monsters F - a blessed spellbook of force bolt Potions g - 2 uncursed diluted potions of extra healing H - 3 potions of unholy water L - an uncursed potion of sickness Rings c - an uncursed ring of teleportation d - an uncursed ring of stealth (on right hand) q - an uncursed ring of invisibility (on left hand) C - an uncursed ring of protection from shape changers Wands b - a rusty wand of striking (0:3) s - a wand of teleportation (0:8) w - a wand of cancellation (0:5) A - a cursed wand of create monster (0:13) O - a wand of magic missile (0:3) V - a cursed wand of digging (0:5) W - a cursed wand of fire (0:5) X - a cursed wand of teleportation (0:8) Tools m - a magic marker (0:27) n - an uncursed wooden flute E - an uncursed rusty skeleton key T - an uncursed tin whistle Gems I - an uncursed worthless piece of blue glass Spells and supernatural/magical abilities: Name Level Category Fail Memory a - force bolt 1 attack 3% 93% n - detect monsters 1 divination 3% 93% W - pray for help -- divine ? -- Your skills at the end: Fighting Skills Weapon Skills quarterstaff [Skilled] Spellcasting Skills attack spells [Skilled] enchantment spells [Basic] Final Attributes: You were piously aligned. You were sleep resistant. You were poison resistant. You were magic-protected. You had infravision. You were invisible. You were stealthy. You are dead. Vanquished creatures: 3 ghosts a large mimic a crocodile 2 quivering blobs a spotted jelly 2 leprechauns a gnome king 4 chickatrices a dwarf lord a soldier ant 5 bugbears a water nymph an orc shaman a rock piercer a rock mole 10 gnome lords 3 gnomish wizards 2 kobold mummies a gray ooze 3 elf zombies a ghoul a giant ant 2 floating eyes a kitten 3 dwarves a homunculus a kobold lord a hill orc a rothe a centipede a monkey an orc zombie 5 iguanas 4 coyotes a gas spore 4 hobbits 8 manes 3 hobgoblins 2 brown molds 2 yellow molds a red mold 10 gnomes a gnome zombie 4 geckos 6 jackals a fox 4 kobolds 3 goblins 3 sewer rats 7 grid bugs 6 bats 3 lichens 7 newts 145 creatures vanquished. Voluntary challenges: You had been an atheist until turn 2538. You used a wielded weapon 108 times, starting on turn 22. You read items or engraved 29 times, starting on turn 1723. You never genocided any monsters. You never polymorphed an object. You never changed form. You used no wishes. You never split a pudding. You never wrote Elbereth's name. You violated your moral code, losing 22 points of alignment, starting on turn 3916. Dungeon overview: The Dungeons of Doom: levels 1 to 8 Level 1 a fountain a long staircase Level 2 a scroll shop Level 3 some fountains stairs to The Gnomish Mines Level 4 Level 5 an altar to Ptah, a fountain, a sink Level 6 many fountains Level 7 a throne stairs to Sokoban Level 8 The Gnomish Mines: levels 4 to 6 Level 4 stairs to The Dungeons of Doom Level 5 Level 6 <- You were here Sokoban: Level 6 stairs to The Dungeons of Doom History has recorded: On T:1 you entered the Dungeons of Doom to retrieve the Amulet of Yendor! On T:377 you advanced to experience level 2. On T:385 you reached level 2 of The Dungeons of Doom. On T:488 you advanced to experience level 3. On T:571 you reached level 3 of The Dungeons of Doom. On T:737 you advanced to experience level 4. On T:752 you reached level 5 of The Dungeons of Doom. On T:1037 you advanced to experience level 5. On T:1045 you reached level 4 of The Dungeons of Doom. On T:1557 you reached level 6 of The Dungeons of Doom. On T:2703 you reached level 7 of The Dungeons of Doom. On T:2733 you reached level 4 of Sokoban. On T:3022 you advanced to experience level 6. On T:3315 you reached level 8 of The Dungeons of Doom. On T:3555 you advanced to experience level 7. On T:4383 you reached level 1 of The Gnomish Mines. On T:4428 you advanced to experience level 8. On T:5504 you reached level 2 of The Gnomish Mines. On T:5978 you reached level 3 of The Gnomish Mines. Score breakdown: Gold: 3411 (12018 points) Experience: 8 levels (14739 points) Exploration: 8 levels ( 17.39%) (11832 points) Discoveries: 21 items ( 7.58%) ( 8260 points) Valuables value: (no points given unless you survive) Artifact value: 0 ( 0 points) Variety of kills: 53 monsters ( 13.91%) (11189 points) Turncount: 6275 turns (-1690 points) Survival: died (score multiplied by 80%) Total score: 45078 Latest messages: You feel much better. Everything looks SO boring now. The werewolf summons help! The werewolf misses. You hit the werewolf. The wolf bites! The werewolf misses. You hit the werewolf. The wolf bites! The werewolf bites! The wolf bites! The werewolf bites! The spell hits the werewolf! The wolf bites! The werewolf bites! You write in the dust with your fingers. The wolf bites! The werewolf bites! You die... Final status: Goodbye gamborger the Wizard, killed by a werewolf... You died in The Gnomish Mines on dungeon level 6 with 45078 points, and 3411 pieces of gold, after 6275 moves. You were level 8 with a maximum of 65 hit points when you died.